 Dungeon Crawl Stone Soup version 0.24.0-29-g8ce449bc06 (webtiles) character file.

Game seed: 7584892000220614239, levelgen mode: deterministic

16 FessEmpty the Ducker (level 2, 0/14 HPs)
             Began as a Felid Fighter on Nov 16, 2019.
             Slain by a rat (3 damage)
             ... on level 1 of the Dungeon.
             The game lasted 00:02:22 (355 turns).

FessEmpty the Ducker (Felid Fighter)                 Turns: 355, Time: 00:02:23

Health: 0/14       AC:  1    Str: 12    XL:     2   Next: 37%
Magic:  3/3        EV: 19    Int:  9    God:
Gold:   38         SH:  0    Dex: 15    Spells: 1/1 levels left
                                        Lives:  0   Deaths: 0

rFire    . . .     SeeInvis +     - Unarmed
rCold    . . .     Gourm    .   (shield unavailable)
rNeg     . . .     Faith    .   (armour unavailable)
rPois    .         Spirit   .   (helmet unavailable)
rElec    .         Reflect  .   (cloak unavailable)
rCorr    .         Harm     .   (gloves unavailable)
MR       .....                  (boots unavailable)
Stlth    ++........             (no amulet)
HPRegen  0.04/turn              (no ring)
MPRegen  0.08/turn              (no ring)

@: quick
A: very small, no armour, no weapons or thrown items, stealth, claws 1, fangs 3,
see invisible, carnivore, speed 1, shaggy fur 1, slow metabolism 1, sharp paws
a: no special abilities


You were on level 1 of the Dungeon.
You were completely stuffed.

You visited 1 branch of the dungeon, and saw 1 of its levels.

You collected 38 gold pieces.

Inventory:

Scrolls
 c - a scroll of enchant weapon {unknown}
 d - a scroll of magic mapping {unknown}
 e - a scroll of enchant armour {unknown}
Potions
 a - a potion of might
Comestibles
 b - a ration


   Skills:
 - Level 3.3 Fighting
 - Level 4.2 Dodging
 + Level 1.1 Stealth
 - Level 4.1 Unarmed Combat


You had one spell level left.
You didn't know any spells.
Your spell library was empty.

Dungeon Overview and Level Annotations

Branches:
Dungeon (1/15)

Altars:


Innate Abilities, Weirdness & Mutations

You cannot wear armour.
You are incapable of wielding weapons or throwing items.
Your paws allow you to move quietly. (Stealth)
You have sharp claws.
You have razor-sharp teeth.
You have supernaturally acute eyesight. (SInv)
You are carnivorous and can eat meat at any time.
You cover ground quickly.
You are covered in fur. (AC +1)
You have a slow metabolism.
Your sharp claws are effective at attacking unaware monsters.


Message History

Welcome, FessEmpty the Felid Fighter.
It is said that the Orb of Zot exists deep within this dungeon.
Press ? for a list of commands and other information.
Found a staircase leading out of the dungeon.
You don't know any spells.
A rat comes into view.
You scratch the rat but do no damage. You bite the rat.
You kill the rat!
Found a whip.
You now have 11 gold pieces.
A bat comes into view.
The helpless bat fails to defend itself.
You claw the bat!
You kill the bat!
You see here a whip.
A rat comes into view.
Found a stone staircase leading down.
The rat bites you.
You closely miss the rat. The rat misses you.
You scratch the rat.
You kill the rat!
No target in view!
A rat comes into view.
The rat misses you.
You scratch the rat but do no damage. The rat misses you.
You closely miss the rat. The rat bites you but does no damage.
You claw the rat!
You kill the rat!
You start resting.
HP restored.
A hobgoblin comes into view.
Found 6 gold pieces.
You see here a scroll labeled WAWUXU SESHRISA.
A kobold comes into view. It is wielding a +0 short sword.
The hobgoblin shouts!
The kobold shouts!
You scratch the hobgoblin.
You kill the hobgoblin!
You scratch the kobold.
The kobold is severely wounded.
The kobold barely misses you.
You scratch the kobold but do no damage.
The kobold is severely wounded.
The kobold hits you with a +0 short sword.
You scratch the kobold.
You kill the kobold!
Things that are here:
a +0 short sword; a kobold corpse You now have 17 gold pieces (gained 6).
Things that are here:
a +0 short sword; a kobold corpse A goblin comes into view.
Things that are here:
a +0 short sword; a kobold corpse A kobold comes into view.
It is wielding a -2 whip.
You closely miss the goblin.
The goblin shouts!
The kobold shouts!
The goblin misses you.
You barely miss the goblin. The goblin misses you.
You scratch the goblin.
You kill the goblin!
You scratch the kobold but do no damage.
The kobold closely misses you.
You barely miss the kobold.
The kobold hits you with a cursed -2 whip.
You can't grasp things well enough to throw them.
Unknown command.
You closely miss the kobold. Your bite misses the kobold.
The kobold closely misses you.
You closely miss the kobold. The kobold misses you.
You barely miss the kobold. The kobold completely misses you.
You scratch the kobold.
You kill the kobold!
You start resting.
A goblin comes into view.
c - a scroll labeled YTSOLL KEZO You now have 38 gold pieces (gained 21).
You see here a cursed -2 whip.
No target in view!
No target in view!
No target in view!
No target in view!
You see here a cursed -2 whip.
The goblin is too close now for your liking.
You see here a cursed -2 whip.
No target in view!
The goblin shouts!
Found a hunting sling.
Found a stone staircase leading down.
A ball python comes into view.
A goblin comes into view. It is wielding a +0 dagger.
A rat comes into view.
Found a scroll labeled WAAKEO NEIRRUU.
The ball python hisses angrily.
Things that are here:
a +0 short sword; a kobold corpse You see here a scroll labeled WAWUXU SESHRISA.
d - a scroll labeled WAWUXU SESHRISA You claw the goblin!
You kill the goblin!
You have reached level 2!
The ball python barely misses you. x2
You barely miss the ball python. You bite the ball python.
You kill the ball python!
You scratch the goblin.
The goblin is heavily wounded.
The goblin closely misses you.
You scratch the goblin.
You kill the goblin!
Things that are here:
a +0 dagger; a goblin corpse x2
You claw the rat!
You kill the rat!
You start resting.
HP restored.
You butcher the goblin corpse.
f - 3 chunks of flesh You butcher the goblin corpse.
f - 4 chunks of flesh (gained 1)
Things that are here:
a +0 dagger; a goblin skeleton x2
Things that are here:
a +0 dagger; a goblin skeleton x2
Eating one of 4 chunks of flesh.
You eat one of the 4 chunks of flesh.
This raw flesh tastes great.
Eating one of 3 chunks of flesh.
You eat one of the 3 chunks of flesh.
This raw flesh tastes great.
Eating one of 2 chunks of flesh.
You eat one of the 2 chunks of flesh.
This raw flesh tastes great.
Eating a chunk of flesh.
You eat the chunk of flesh.
This raw flesh tastes great.
You butcher the rat corpse.
f - a chunk of flesh You see here a rat skeleton.
A bat comes into view.
You see here a rat skeleton.
No target in view!
No target in view!
You see here a cursed -2 whip.
Eating a chunk of flesh.
You eat the chunk of flesh.
This raw flesh tastes great.
Found 28 sling bullets.
A rat comes into view.
You scratch the bat.
You kill the bat!
You see here a hunting sling.
Found a whip.
No target in view!
e - a scroll labeled WAAKEO NEIRRUU A dart slug comes into view.
The dart slug launches a dart at you. The slug dart misses you.
The dart slug launches a dart at you. The slug dart hits you.
You scratch the dart slug.
You bite the dart slug, but do no damage.
The dart slug is lightly wounded.
The dart slug barely misses you.
You scratch the dart slug.
The dart slug is severely wounded.
The dart slug bites you.
You are too injured to fight recklessly!
You are too injured to fight recklessly!
You are too injured to fight recklessly!
You claw the dart slug!
You kill the dart slug!
Your Stealth skill increases to level 1!
You start resting.
The rat is too close now for your liking.
You see here a dart slug corpse.
You butcher the dart slug corpse.
You see here a chunk of flesh.
Eat a chunk of flesh? (ye/n/q)
You eat the chunk of flesh.
This raw flesh tastes great.
You are too injured to fight recklessly!
You are too injured to fight recklessly!
The rat bites you.
You scratch the rat but do no damage. The rat barely misses you.
You closely miss the rat. The rat bites you but does no damage.
You scratch the rat.
The rat is moderately wounded.
The rat bites you but does no damage.
You barely miss the rat.
The rat is moderately wounded.
You closely miss the rat.
The rat is moderately wounded.
The rat bites you.
* * * LOW HITPOINT WARNING * * *
You barely miss the rat.
The rat is moderately wounded.
The rat bites you.
You die...

#............#
#...)........#
#............#
#......>.....#
#............#
#............#
#............#
#.........r..#
#..........@.#
#............#
#....).......#
#............#
##############


You could see a rat.

Vanquished Creatures
  A dart slug (D:1)
  A ball python (D:1)
  3 goblins (D:1)
  A hobgoblin (D:1)
  2 bats (D:1)
  2 kobolds (D:1)
  4 rats (D:1)
14 creatures vanquished.

Vanquished Creatures (others)
  5 toadstools (D:1)
5 creatures vanquished.

Grand Total: 19 creatures vanquished

Notes
Turn   | Place    | Note
-------+----------+-------------------------------------------
     0 | D:1      | FessEmpty the Felid Fighter began the quest for the Orb.
     0 | D:1      | Reached XP level 1. HP: 10/10 MP: 2/2
   229 | D:1      | Reached XP level 2. HP: 11/14 MP: 3/3
   339 | D:1      | Reached skill level 1 in Stealth
   355 | D:1      | Slain by a rat

Levels and vault maps discovered:
D:1:      ldierk_walled_garden, layout_basic

Skill      XL: |  1  2 |
---------------+-------+-----
Stealth        | 1 |  1.1
Fighting       | |  3.3
Dodging        | |  4.2
Unarmed Combat | |  4.1

Action                   || total
-------------------------++-------
Melee: Unarmed           ||    35
       Bite              ||     3
 Stab: Sleeping          ||     1
  Eat: Chunk             ||     6
Armor: Skin              ||     3
Dodge: Dodged            ||    16
